Map: Acropolis LE

Players

Denver

  • Race: Zerg Zerg
  • Spawn Location: 11:00

Serral - Winner!

  • Race: Zerg Zerg
  • Spawn Location: 5:00

VOD

Have the link to the VOD?

Description

Time

  • Played on: Sept. 7, 2019, 5:07 p.m.
  • Length: 6:26
Show
View Real Time Build Order
Export as new Build Order

Denver Zerg 

Build Orders: Hatch First 

Get SALT Encoding   

  12  0:00  Drone  
  13  0:12  Overlord  
  13  0:16  Drone  
  14  0:31  Drone x2  
  16  0:47  Hatchery  
  15  0:51  Drone  
  15  0:55  Drone  
  17  0:58  Drone  
  18  1:09  Extractor  
  17  1:14  Spawning Pool  
  17  1:17  Drone  
  17  1:20  Drone  
  18  1:27  Drone  
  19  1:39  Drone  
  20  1:48  Drone  
  21  1:59  Overlord  
  21  2:01  Zergling x2, Queen x2  
  26  2:09  Metabolic Boost  
  26  2:11  Drone x2  
  28  2:21  Drone x2  
  30  2:34  Hatchery  
  30  2:36  Drone  
  30  2:39  Drone  
  30  2:43  Overlord  
  31  2:47  Drone  
  32  2:52  Baneling Nest  
  32  2:54  Drone  
  32  2:55  Drone  
  33  3:01  Queen  
  33  3:05  Drone  
  36  3:06  Zergling x2  
  36  3:10  Drone x2  
  40  3:12  Drone  
  40  3:16  Drone  
  40  3:19  Overlord  
  41  3:21  Drone  
  41  3:23  Drone  
  41  3:24  Drone  
  44  3:29  Evolution Chamber  
  44  3:34  Zergling x2  
  44  3:36  Baneling x2  
  44  3:37  Zergling x2  
  45  3:44  Zergling x10  
  49  3:51  Zergling x2  
  49  3:55  Drone x2  
  52  3:56  Zerg Missile Weapons Level 1  
  52  3:58  Drone  
  53  4:03  Drone  
  53  4:05  Drone  
  53  4:08  Extractor  
  53  4:09  Extractor  
  53  4:13  Overlord, Drone x5  
  57  4:21  Overlord  
  57  4:22  Lair  
  57  4:27  Drone  
  57  4:29  Overlord  
  58  4:32  Overlord  
  58  4:33  Overlord  
  58  4:39  Overlord, Drone x4  
  58  4:40  Drone x2  
  64  4:48  Roach Warren  
  64  4:51  Drone x2  
  64  4:52  Drone  
  66  4:53  Extractor  
  66  4:58  Drone x3  
  68  5:06  Drone x3  
  70  5:13  Baneling x2  
  70  5:14  Overlord  
  70  5:17  Extractor  
  69  5:24  Drone x3  
  63  5:32  Drone x3  
  56  5:47  Zergling x20  
  56  5:48  Queen  
  59  5:50  Queen  
  59  5:57  Roach x4  
  64  6:01  Drone x2  
  67  6:08  Drone x3  
  67  6:09  Drone  
Show
View Real Time Build Order
Export as new Build Order

Serral Zerg - Winner!

Build Orders: Hatch First 

Get SALT Encoding   

  12  0:00  Drone  
  13  0:12  Overlord  
  13  0:16  Drone  
  14  0:30  Drone  
  14  0:31  Drone  
  16  0:48  Hatchery  
  15  0:52  Drone  
  15  0:55  Drone  
  17  0:58  Drone  
  18  1:09  Extractor  
  17  1:13  Spawning Pool  
  17  1:16  Drone  
  17  1:20  Drone  
  18  1:28  Drone  
  19  1:38  Drone  
  20  1:49  Drone  
  21  2:00  Overlord, Queen x2  
  21  2:01  Zergling x2  
  26  2:09  Metabolic Boost  
  26  2:11  Drone x2  
  28  2:22  Drone  
  29  2:23  Drone  
  30  2:33  Hatchery  
  30  2:36  Zergling x2  
  30  2:41  Drone  
  31  2:45  Baneling Nest  
  31  2:46  Drone  
  31  2:50  Overlord  
  31  2:54  Drone  
  31  2:58  Drone  
  33  3:08  Drone  
  33  3:10  Zergling x10  
  33  3:12  Zergling x2  
  40  3:17  Overlord  
  40  3:21  Drone x2  
  42  3:27  Evolution Chamber  
  42  3:28  Baneling x2  
  42  3:32  Drone x2  
  43  3:42  Zergling x2  
  43  3:44  Drone x3  
  43  3:45  Drone x2  
  43  3:48  Drone x2  
  51  3:49  Drone  
  51  3:54  Zerg Missile Weapons Level 1  
  51  3:56  Drone x2  
  51  3:58  Drone  
  54  4:03  Queen  
  54  4:07  Drone x2  
  58  4:13  Overlord  
  58  4:15  Overlord  
  58  4:18  Overlord  
  58  4:22  Extractor  
  58  4:23  Extractor  
  58  4:24  Lair  
  56  4:26  Overlord  
  56  4:27  Zergling x2  
  56  4:28  Zergling x2  
  58  4:32  Zergling x2  
  58  4:33  Baneling  
  58  4:34  Overlord  
  58  4:36  Drone  
  60  4:39  Drone x3  
  60  4:40  Drone  
  60  4:42  Baneling  
  64  4:46  Drone  
  64  4:47  Roach Warren  
  64  4:48  Drone  
  64  4:49  Drone  
  64  4:50  Drone x2  
  68  4:53  Drone  
  68  4:54  Drone  
  70  5:01  Overlord, Drone x2  
  70  5:02  Drone  
  70  5:03  Drone  
  74  5:09  Pneumatized Carapace, Baneling x2  
  74  5:10  Extractor x2  
  74  5:13  Drone x4, Extractor  
  75  5:16  Drone x2  
  77  5:25  Drone x3  
  77  5:26  Drone x2  
  79  5:29  Drone x2  
  79  5:33  Overlord  
  79  5:39  Roach x3  
  79  5:41  Roach  
  85  5:45  Roach  
  85  5:48  Roach  
  86  5:54  Roach  
  88  5:58  Roach x2  
  94  6:06  Overlord  
  94  6:09  Drone  
Tags
 
Add a new tag
Caveats
  • Supply blocks, unpowered buildings, or Contaminate may cause inaccurate times.
  • Supply counts are checked every 10 seconds.